 Dungeon Crawl Stone Soup version 0.24-a0-181-gd121a6d (webtiles) character file.

Game seed: 4838187729726214668

32 galech the Skirmisher (level 3, -5/29 HPs)
             Began as a Demonspawn Fighter on Mar 14, 2019.
             Slain by Natasha (8 damage)
             ... on level 2 of the Dungeon.
             The game lasted 00:01:02 (954 turns).

galech the Skirmisher (Demonspawn Fighter)           Turns: 954, Time: 00:01:02

Health: -5/29      AC:  6    Str: 16    XL:     3   Next: 8%
Magic:  3/3        EV:  6    Int:  9    God:
Gold:   67         SH:  9    Dex: 13    Spells: 2/2 levels left

rFire    . . .     SeeInvis .   a - +0 war axe
rCold    . . .     Gourm    .   c - +0 shield
rNeg     . . .     Faith    .   b - +0 scale mail
rPois    .         Spirit   .   (no helmet)
rElec    .         Reflect  .   (no cloak)
rCorr    .         Harm     .   (no gloves)
MR       .....                  (no boots)
Stlth    ..........             (no amulet)
HPRegen  0.09/turn              (no ring)
MPRegen  0.08/turn              (no ring)

@: slowed, very slow
A: powered by pain 1
a: no special abilities


You were on level 2 of the Dungeon.
You were not hungry.

You visited 1 branch of the dungeon, and saw 2 of its levels.

You collected 67 gold pieces.

Inventory:

Hand Weapons
 a - a +0 war axe (weapon)
Armour
 b - a +0 scale mail (worn)
 c - a +0 shield (worn)
Scrolls
 h - 2 scrolls of fear {unknown}
 i - 3 scrolls of remove curse {unknown}
 j - 3 scrolls of identify {unknown}
Potions
 d - a potion of might
 e - a potion of curing {unknown}
 k - a potion of magic {unknown}
Comestibles
 f - 3 rations


   Skills:
 + Level 3.4 Fighting
 + Level 2.3 Axes
 + Level 2.9 Armour
 + Level 3.0 Shields


You had 2 spell levels left.
You didn't know any spells.
Your spell library was empty.

Dungeon Overview and Level Annotations

Branches:
Dungeon (2/15)

Altars:

Annotations:
D:2 Natasha


Innate Abilities, Weirdness & Mutations

You sometimes gain a little power by taking damage.


Message History

The shadow imp gestures at you. Pain shoots through your body!
* * * LOW HITPOINT WARNING * * *
You barely miss Natasha.
Natasha is almost dead.
You closely miss the shadow imp.
Your shield prevents you from hitting the shadow imp.
You closely miss the crimson imp. Natasha casts a spell at you.
You feel as though you will be slow longer.
The shadow imp hits you but does no damage.
The crimson imp blinks!
You block the shadow imp's attack. You block Natasha's attack.
The shadow imp hits you but does no damage.
The shadow imp hits you.
* * * LOW HITPOINT WARNING * * *
Natasha howls an incantation.
You feel disoriented. Natasha claws you!
You die...

#... #...# #....#...##
#..?.#....###.
#.$..#.......
#.%..#%....#
#..........#
#.....§h>..# #.5@5...#
#...###.# #...#
######...# #.###.###
.......5.###≈≈≈....
...........#P≈P≈PP###
.........#.#P≈PPP.≈≈##.
########.#.#.P≈≈♣≈PPPP..
#.#<#.≈PP≈≈≈♣PPP


You could see Natasha, a crimson imp and 2 shadow imps.

Vanquished Creatures
  2 leopard geckos
  3 bats (D:1)
  4 goblins (D:1)
  7 hobgoblins (D:1)
  A ball python (D:1)
  3 frilled lizards (D:1)
  3 kobolds (D:1)
  6 rats (D:1)
29 creatures vanquished.

Notes
Turn   | Place    | Note
-------+----------+-------------------------------------------
     0 | D:1      | galech the Demonspawn Fighter began the quest for the Orb.
     0 | D:1      | Reached XP level 1. HP: 18/18 MP: 1/1
   149 | D:1      | Gained mutation: You sometimes gain a little power by
                  | taking damage. [demonic ancestry]
   149 | D:1      | Reached XP level 2. HP: 16/24 MP: 2/2
   603 | D:1      | Reached XP level 3. HP: 29/29 MP: 3/3
   943 | D:2      | Noticed Natasha
   954 | D:2      | Slain by Natasha

Levels and vault maps discovered:
D:1:      sevenhm_arrival_forest_fort_small_4, layout_loops_ring
D:2:      wad_lake_hut, layout_basic, marbit_many_paths, kennysheep_slug_shrine,
          first_ration, serial_bayou_lagoon_a, uniq_sigmund,
          uniq_crazy_yiuf_cottage, uniq_natasha

Skill      XL: |  1  2 |
---------------+-------+-----
Axes           | 2 |  2.3
Shields        | 3 |  3.0
Fighting       | |  3.4
Armour         | |  2.9

Action                   || total
-------------------------++-------
Melee: War axe           ||    99
Armor: Scale mail        ||    65
Dodge: Dodged            ||    22
Block: Shield            ||    50

Table legend:
 A = Non-vault XP
 B = Vault XP
 C = Vault XP percentage of total XP
 D = Non-vault monster count
 E = Vault monster count
 F = Vault count percentage of total count
                 A         B        C        D         E       F
            +---------+---------+-------+---------+---------+-------
      Total |      46 |       0 |   0.0 |      29 |       0 |   0.0
            +---------+---------+-------+---------+---------+-------
        D:1 |      43 |       0 |   0.0 |      28 |       0 |   0.0
        D:2 |       3 |       0 |   0.0 |       1 |       0 |   0.0
            +---------+---------+-------+---------+---------+-------
